 Seeded DCSS version 0.31-a0-236-g9a0961fb85 (webtiles) character file.

Game seed: 16737220663954838067 (custom seed)

51 innerfire43 the Trooper (level 3, -16/29 HPs)
             Began as a Demonspawn Monk on July 10, 2023.
             Demolished by an ogre
             ... wielding a +0 giant spiked club
              (21 damage)
             ... on level 4 of the Dungeon.
             The game lasted 00:01:19 (1512 turns).

innerfire43 the Trooper (Demonspawn Monk)           Turns: 1512, Time: 00:01:20

Health: -16/29     AC:  2    Str: 13    XL:     3   Next: 57%
Magic:  3/3        EV: 13    Int: 11    God:
Gold:   110        SH:  0    Dex: 15    Spells: 2/2 levels left

rFire   . . .        a - +0 hand axe
rCold   . . .        d - orb {light}
rNeg    . . .        b - +0 robe
rPois   .            (no helmet)
rElec   .            (no cloak)
rCorr   .            (no gloves)
SInv    .            (no boots)
Will    +....        (no amulet)
Stlth   +            i - ring of willpower
HPRegen 0.24/turn    (no ring)
MPRegen 0.08/turn

%: no passive effects
@: glowing
A: ignite blood 1
a: no special abilities


You were on level 4 of the Dungeon.
You visited 1 branch of the dungeon, and saw 3 of its levels.

You collected 110 gold pieces.

Inventory:

Hand Weapons
 a - a +0 hand axe (weapon)
Armour
 b - a +0 robe (worn)
 d - an orb of light (worn)
Jewellery
 i - a ring of willpower (left hand)
Scrolls
 e - 2 scrolls of identify {unknown}
 f - a scroll of immolation {unknown}
 g - 3 scrolls of enchant armour {unknown}
 h - a scroll of teleportation {unknown}
 j - 3 scrolls of torment {unknown}
Potions
 c - 2 potions of ambrosia
 k - a potion of heal wounds {unknown}


   Skills:
 + Level 3.6 Fighting
 + Level 3.2 Axes
 + Level 3.2 Dodging


You had 2 spell levels left.
You didn't know any spells.
Your spell library was empty.

Dungeon Overview and Level Annotations

Branches:
Dungeon (2/15)

Altars:
Ru


Innate Abilities, Weirdness & Mutations

Your demonic aura sometimes causes spilled blood to erupt in flames.


Message History

You see here a frilled lizard corpse.
A worm is nearby!
A worm is nearby!
A worm is nearby!
The worm bites you.
Items here: $ ) [ †.
A worm is nearby!
You completely miss the worm.
A worm is nearby!
You hit the worm.
The worm is moderately wounded.
The worm bites you!
A worm is nearby!
You hit the worm.
The worm is moderately wounded.
The worm is engulfed in blazing flames.
You kill the worm!
No target in view!
You now have 110 gold pieces (gained 11).
Things that are here:
a +0 club; a +0 robe; a jackal corpse A sourceless malevolence fills the Dungeon...
You fall into a shaft and drop 2 floors!
The shaft crumbles and collapses.
Found a ring mail.
Found a stone staircase leading down.
No target in view!
An ogre comes into view. It is wielding a +0 giant spiked club.
The ogre closely misses you.
You barely miss the ogre. You hit the ogre.
The ogre is lightly wounded.
The ogre hits you with a +0 giant spiked club!!
Ouch! That really hurt!
* * * LOW HITPOINT WARNING * * *
You are too injured to fight recklessly!
Unknown command.
The ogre attacks as you move away!
The ogre hits you with a +0 giant spiked club!!
Ouch! That really hurt!
You die...

.# ..# ####..
#.... ##.#. #
.... .####
#.#.###......
#.##O@.###.#
#....°...[.#
#.#######>.#
#.# .# #.#
#.# ... ..#
.##


You could see an ogre.

Vanquished Creatures
  2 worms (D:2)
  2 dart slugs
  6 endoplasms
  A giant cockroach (D:2)
  4 goblins
  3 hobgoblins
  5 jackals (D:2)
  A quokka (D:1)
  4 ball pythons (D:1)
  2 bats
  3 frilled lizards
  A kobold (D:1)
  2 rats
36 creatures vanquished.

Notes
Turn   | Place    | Note
-------+----------+-------------------------------------------
     0 | D:1      | innerfire43 the Demonspawn Monk began the quest for the
                  | Orb.
     0 | D:1      | Reached XP level 1. HP: 18/18 MP: 1/1
   371 | D:1      | Gained mutation: Your demonic aura sometimes causes spilled
                  | blood to erupt in flames. [demonic ancestry]
   371 | D:1      | Reached XP level 2. HP: 14/24 MP: 2/2
   666 | D:1      | Found a faded altar of an unknown god.
  1081 | D:2      | Reached XP level 3. HP: 25/29 MP: 3/3
  1264 | D:2      | Found a sacrificial altar of Ru.
  1503 | D:2      | You fall into a shaft and drop 2 floors!
  1507 | D:4      | Noticed an ogre
  1512 | D:4      | Demolished by an ogre

Illustrated notes

Levels and vault maps discovered:
D:1:      zaba_arrival_water, layout_basic,
          hellmonk_ecumenical_altar_pennies_from_heaven
D:2:      layout_basic, basic_altar, minmay_increasing_density
D:4:      layout_loops_ring, nicolae_qazlal_scattered_showers, serial_glass,
          glass_columns_b, glass_columns_a, grunt_tough_drop, uniq_ijyb,
          uniq_grinder, uniq_edmund

Skill      XL: |  1  2 |
---------------+-------+-----
Axes           | 3 |  3.2
Dodging        | 3 |  3.2
Fighting       | |  3.6

Action                     || total
---------------------------++-------
  Melee: Hand axe          ||    82
 Armour: Robe              ||    11
  Dodge: Dodged            ||    52

Table legend: (Time is in decaauts)
 A = Elapsed time spent in this place.
 B = Non-inter-level travel time spent in this place.
 C = Inter-level travel time spent in this place.
 D = Time resting spent in this place.
 E = Time spent auto-exploring this place.
 F = Levels seen in this place.
 G = Mean time per level.
                   A        B        C        D        E       F      G
               +--------+--------+--------+--------+--------+-----+--------+
         Total |   1535 |   1528 |      7 |      0 |   1282 |   3 |  511.7 |
       Dungeon |   1535 |   1528 |      7 |      0 |   1282 |   3 |  511.7 |
               +--------+--------+--------+--------+--------+-----+--------+

Top non-repeatable levels by time:
     D:1: 1001 daAuts
     D:2: 525 daAuts
     D:4: 9 daAuts
